 Dungeon Crawl Stone Soup version 0.30.0-3-ga4e48a9924 (webtiles) character file.

Game seed: 5405609935611544488

3140 Exaltedone87 the Trooper (level 9, 0/71 HPs)
             Began as a Demonspawn Gladiator on May 7, 2023.
             Was an Initiate of Gozag.
             Slain by Grum
             ... wielding a +0 glaive
              (26 damage)
             ... on level 8 of the Dungeon.
             The game lasted 00:15:20 (5912 turns).

Exaltedone87 the Trooper (Demonspawn Gladiator)     Turns: 5912, Time: 00:15:20

Health: 0/71       AC:  8    Str: 18    XL:     9   Next: 61%
Magic:  13/13      EV: 17    Int:  9    God:    Gozag
Gold:   967        SH: 14    Dex: 16    Spells: 13/14 levels left

rFire   . . .        i - +3 flail (venom)
rCold   . . .        D - +0 kite shield
rNeg    . . .        n - +0 troll leather armour
rPois   +            c - +0 helmet
rElec   .            (no cloak)
rCorr   .            E - +0 pair of gloves
SInv    .            x - +0 pair of boots
Will    .....        z - amulet of the acrobat
Stlth   +            j - ring of poison resistance
HPRegen 1.11/turn    b - +5 ring of evasion
MPRegen 0.13/turn

%: acrobat
@: mighty
A: hooves 1, large bone plates 2, powered by pain 1, demonic magic 1
a: Renounce Religion, Potion Petition, Call Merchant, Bribe Branch


You were on level 8 of the Dungeon.
You worshipped Gozag.
Gozag was pleased with you.
You visited 2 branches of the dungeon, and saw 9 of its levels.

You collected 987 gold pieces.
You paid 20 gold pieces to Gozag.

Inventory:

Hand Weapons
 i - a +3 flail of venom (weapon)
 p - the +6 war axe of the Messenger {flame, rC+}
   (You found it on level 7 of the Dungeon)

   rC:        It protects you from cold.
Missiles
 d - 3 throwing nets (quivered)
Armour
 c - a +0 helmet (worn)
 n - a +0 troll leather armour (worn)
 x - a +0 pair of boots (worn)
 D - a +0 kite shield (worn)
 E - a +0 pair of gloves (worn)
Jewellery
 b - a +5 ring of evasion (right hand)
 j - a ring of poison resistance (left hand)
 m - a ring of flight
 o - a ring of see invisible
 q - a ring of willpower
 y - a +6 ring of strength
 z - an amulet of the acrobat (around neck)
Wands
 e - a wand of charming (5)
 s - a wand of light (5)
 w - a wand of flame (12)
 C - a wand of iceblast (5)
Scrolls
 a - 2 scrolls of identify
 g - 4 scrolls of teleportation
Potions
 f - 7 potions of curing
 h - a potion of flight
 k - a potion of brilliance
 l - 3 potions of haste
 r - 2 potions of ambrosia
 t - 2 potions of heal wounds
 u - 2 potions of cancellation
 v - a potion of might
 A - a potion of invisibility
 B - 2 potions of mutation


   Skills:
 + Level 6.6 Fighting
 - Level 4.4(6.0) Axes
 * Level 6.2(6.9) Maces & Flails
 - Level 1.7 Throwing
 + Level 5.5 Armour
 - Level 5.1 Dodging
 + Level 0.8 Shields
 - Level 3.2 Spellcasting


You had 13 spell levels left.
You knew the following spells:

 Your Spells              Type           Power      Damage    Failure   Level
a - Sting                 Tmut/Pois      4%         1d3       71%         1

Your spell library contained the following spells:

 Spells                   Type           Power      Damage    Failure   Level
 Freeze                   Ice            4%         1d3       71%         1
 Magic Dart               Conj           4%         1d3       71%         1
 Call Imp                 Summ           2%         N/A       83%         2
 Cigotuvi's Dreadful Rot  Necr/Pois/Air  2%         N/A       83%         2
 Poisonous Vapours        Pois/Air       2%         N/A       83%         2
 Frozen Ramparts          Ice            2%         1d1       97%         3
 Hailstorm                Conj/Ice       1%         3d3       97%         3
 Ignite Poison            Fire/Tmut/Pois 1%         N/A       97%         3
 Mephitic Cloud           Conj/Pois/Air  1%         N/A       97%         3
 Ozocubu's Armour         Ice            1%         N/A       97%         3
 Olgreb's Toxic Radiance  Pois           1%         N/A       100%        4
 Freezing Cloud           Conj/Ice/Air   0%         6-21      100%        5
 Metabolic Englaciation   Hex/Ice        0%         N/A       100%        5
 Simulacrum               Ice/Necr       Unusable   N/A       N/A         6

Dungeon Overview and Level Annotations

Branches:
Dungeon (8/15)             Temple (1/1) D:4
   Lair: D:8-11

Altars:
Ashenzari
Cheibriados
Dithmenos
Fedhas
Gozag
Hepliaklqana
Kikubaaqudgha
Nemelex Xobeh
Qazlal
Ru
Sif Muna
Trog
Uskayaw
Vehumet
Wu Jian
Xom
Yredelemnul

Shops:
D:8 [

Annotations:
D:6 3 runed translucent doors, themargong's ghost, novice MfSu
D:8 Grum


Innate Abilities, Weirdness & Mutations

You have large cloven feet.
You are mostly covered in large bone plates. (SH +6)
You sometimes gain a little power by taking damage.
Spells you cast may paralyse adjacent enemies.


Message History

A wolf comes into view.
You see here a +0 leather armour.
The wolf howls!
You hit Grum.
Grum is poisoned.
Grum is lightly wounded.
The wolf bites you but does no damage. You block Grum's attack.
The wolf bites you but does no damage. You block Grum's attack.
You thump Grum!
Grum looks as sick as possible!
Grum is moderately wounded.
You block the wolf's attack. The wolf completely misses you.
Grum hits you with a +0 glaive!
You closely miss Grum.
Grum is heavily wounded.
The wolf barely misses you. You block the wolf's attack.
Grum hits you with a +0 glaive!!
You focus on the pain.
You feel very mighty all of a sudden.
You closely miss Grum.
Grum is heavily wounded.
You block the wolf's attack. You block Grum's attack.
The wolf completely misses you.
Unknown command.
Unknown command.
The wolf attacks as you move away! The wolf closely misses you.
Grum hits you with a +0 glaive!!
* * * LOW HITPOINT WARNING * * *
You hit Grum.
Grum looks as sick as possible!
Grum is heavily wounded.
The wolf barely misses you. You block the wolf's attack.
You block Grum's attack. The wolf misses you.
Unknown command.
Grum closely misses you. The wolf attacks as you move away!
You block the wolf's attack. The wolf barely misses you.
The wolf attacks as you move away! You block the wolf's attack. x2
You hit the wolf.
The wolf is lightly wounded.
The wolf misses you. You block Grum's attack. You block the wolf's attack.
Grum hits you from afar with a +0 glaive!!
You die...
Your body crumbles into a pile of gold.

....#..#...#..#..#
....#..#...#..#..#
....#..#+++#..#..#
###.#..+ +..#..#
###.# +..#..#
#...# #..# #.#.#
#..###..# #<#...
........:# #.#####
##.#####@# #.#
##h# #.# #hg# #.#
.#..###.##### ..#
#......[)$..# ###
.......####.#
#####.. # ##. #.


You could see Grum (extremely poisoned) and 2 wolves.

Vanquished Creatures
  A hornet (D:7)
  2 water moccasins
  An orc warrior (D:7)
  6 black bears
  4 ice beasts
  A sky beast (D:6)
  An ogre (D:5)
  A wolf (D:8)
  2 kobold brigands
  6 bullfrogs
  3 scorpions
  A howler monkey (D:5)
  A hound (D:7)
  3 jellies
  An orc priest (D:5)
  2 sleepcaps (D:7)
  A gnoll bouda (D:8)
  2 iguanas
  5 orc wizards
  Robin (D:3)
  13 gnolls
  12 adders
  An ufetubus (D:4)
  A worm (D:3)
  A dart slug (D:1)
  12 orcs
  4 endoplasms
  2 giant cockroaches
  17 goblins
  8 hobgoblins
  2 jackals (D:1)
  9 kobolds
  A quokka (D:4)
  10 ball pythons
  6 bats
  3 frilled lizards
  7 rats
154 creatures vanquished.

Vanquished Creatures (others)
  7 plants (D:1)
7 creatures vanquished.

Grand Total: 161 creatures vanquished

Notes
Turn   | Place    | Note
-------+----------+-------------------------------------------
     0 | D:1      | Exaltedone87 the Demonspawn Gladiator began the quest for
                  | the Orb.
     0 | D:1      | Reached XP level 1. HP: 16/16 MP: 1/1
   192 | D:1      | Gained mutation: You have large cloven feet. [demonic
                  | ancestry]
   192 | D:1      | Reached XP level 2. HP: 15/22 MP: 2/2
   787 | D:2      | Gained mutation: You sometimes gain a little power by
                  | taking damage. [demonic ancestry]
   787 | D:2      | Reached XP level 3. HP: 9/28 MP: 3/3
   789 | D:2      | HP: 1/28 [adder (2)]
   797 | D:2      | Reached skill level 1 in Armour
  1061 | D:2      | Reached XP level 4. HP: 34/34 MP: 4/4
  1207 | D:3      | Noticed a black bear
  1237 | D:3      | Killed a black bear
  1238 | D:3      | Gained mutation: You are partially covered in large bone
                  | plates. (SH +4) [demonic ancestry]
  1238 | D:3      | Reached XP level 5. HP: 25/41 MP: 5/5
  1375 | D:3      | Found an opulent altar of Gozag.
  1385 | D:3      | Became a worshipper of Gozag Ym Sagoz the Greedy
  1520 | D:3      | Found an ornate altar of the Wu Jian Council.
  1728 | D:3      | Noticed Robin
  1739 | D:3      | Killed Robin
  1786 | D:3      | Gained mutation: Spells you cast may paralyse adjacent
                  | enemies. [demonic ancestry]
  1786 | D:3      | Reached XP level 6. HP: 47/47 MP: 6/6
  1789 | D:3      | Found a shimmering blue altar of Sif Muna.
  2479 | D:4      | Found a staircase to the Ecumenical Temple.
  2492 | Temple   | Entered the Ecumenical Temple
  2856 | D:4      | Found a radiant altar of Vehumet.
  3146 | D:5      | Entered Level 5 of the Dungeon
  3155 | D:5      | Reached skill level 1 in Maces & Flails
  3401 | D:5      | Noticed an ice beast
  3410 | D:5      | Killed an ice beast
  3411 | D:5      | Reached XP level 7. HP: 38/54 MP: 7/7
  3985 | D:6      | Gained mutation: You are mostly covered in large bone
                  | plates. (SH +6) [demonic ancestry]
  3985 | D:6      | Reached XP level 8. HP: 59/61 MP: 8/8
  4007 | D:6      | Found a sacrificial altar of Ru.
  4051 | D:6      | Found a runed translucent gate.
  4051 | D:6      | Found a runed translucent gate.
  4051 | D:6      | Found an opulent altar of Gozag.
  4052 | D:6      | Found a runed translucent gate.
  4065 | D:6      | Reached skill level 5 in Fighting
  4065 | D:6      | Reached skill level 5 in Dodging
  4074 | D:6      | Noticed a cyclops
  4075 | D:6      | Noticed themargong's ghost (novice MfSu)
  4135 | D:6      | Learned a level 1 spell: Sting
  4173 | D:6      | Found a blossoming altar of Fedhas.
  4173 | D:6      | Found a snail-covered altar of Cheibriados.
  4511 | D:6      | Reached skill level 1 in Spellcasting
  5000 | D:7      | Identified the +6 war axe of the Messenger {flame, rC+}
  5026 | D:7      | Reached XP level 9. HP: 66/69 MP: 12/12
  5241 | D:7      | Reached skill level 5 in Maces & Flails
  5257 | D:7      | Reached skill level 5 in Armour
  5747 | D:8      | Found Comus's Antique Armour Shoppe.
  5899 | D:8      | Noticed Grum
  5912 | D:8      | Slain by Grum

Illustrated notes

Levels and vault maps discovered:
D:1:      nzn_arrival_depleted_hourglass, layout_basic, serial_bayou_lake_a
D:2:      layout_rooms
D:3:      layout_basic, mainiacjoe_overflow_24_doors,
          nicolae_wu_jian_glorious_leap, mainiacjoe_overflow_brackets,
          uniq_robin
D:4:      layout_loops_corners, vehumet_crystals, minmay_temple_entry_offerings
D:5:      layout_loops_ring
D:6:      layout_basic, mainiacjoe_overflow_small_starburst,
          gammafunk_temple_overflow_elements, ebering_ghost_gozag
D:7:      minmay_razor_zed, layout_loops_ring
D:8:      layout_loops_cross, okawaru_trees_2, serial_shops, shop, minivault_25,
          guppyfry_early_elven_hall, uniq_grum
Temple:   dshaligram_water_room_temple

Skill      XL: |  1  2  3  4  5  6  7  8  9 |
---------------+----------------------------+-----
Axes           | 3 4 |  4.4
Dodging        | 3 4 5 |  5.1
Armour         | 1 2 3 4 5 |  5.5
Fighting       | 3 4 5 6 |  6.6
Maces & Flails | 1 2 4 6 |  6.2
Spellcasting   | 2 3 |  3.2
Throwing       | |  1.7
Shields        | |  0.8

Action                     |  1- 3 |  4- 6 |  7- 9 || total
---------------------------+-------+-------+-------++-------
  Melee: War axe           |    78 |    85 |       ||   163
         Kick              |    12 |    26 |    26 ||    64
         Flail             |       |    34 |   259 ||   293
         Punch             |       |       |     4 ||     4
    Use: Potion            |     1 |     1 |       ||     2
         Scroll            |       |     9 |     8 ||    17
   Stab: Distracted        |       |     2 |     1 ||     3
 Armour: Leather armour    |    21 |       |       ||    21
         Troll leather arm |     2 |    32 |    47 ||    81
  Dodge: Dodged            |    69 |   103 |   214 ||   386
  Block: Other             |       |    13 |    55 ||    68
         Kite shield       |       |       |    30 ||    30
